 Dungeon Crawl Stone Soup version 0.28.0-53-g5a82cb258f (webtiles) character file.

Game seed: 16508157210390539451

2354 hawla the Thaumaturge (level 9, -3/50 (51) HPs)
             Began as a Deep Elf Fire Elementalist on May 28, 2022.
             Was an Initiate of Vehumet.
             Slain by a vampire mosquito (8 damage)
             ... on level 8 of the Dungeon.
             The game lasted 00:20:32 (9862 turns).

hawla the Thaumaturge (Deep Elf Fire Elementalist)  Turns: 9862, Time: 00:20:33

HP:   -3/50 (51)    AC:  4    Str: 11    XL:     9   Next: 20%
MP:   23/23         EV: 14    Int: 25    God:    Vehumet [......]
Gold: 282           SH:  0    Dex: 15    Spells: 14/24 levels left

rFire   . . .      SeeInvis .   t - +1 dagger (venom)
rCold   . . .      Faith    .   (no shield)
rNeg    . . .      Spirit   .   a - +0 robe
rPois   .          Reflect  .   p - +0 helmet
rElec   .          Harm     .   i - +0 cloak
rCorr   .          Rampage  .   (no gloves)
Will    .....                   (no boots)
Stlth   +.........              (no amulet)
HPRegen 0.16/turn               j - +6 ring of strength
MPRegen 0.18/turn               (no ring)

@: confused, brilliant, ambrosia-drunk, attractive, hasted, lightly drained,
very quick
A: no striking features
a: Renounce Religion


You were on level 8 of the Dungeon.
You worshipped Vehumet.
Vehumet was noncommittal.
You visited 2 branches of the dungeon, and saw 9 of its levels.

You collected 282 gold pieces.

Inventory:

Hand Weapons
 t - a +1 dagger of venom (weapon)
Missiles
 f - 2 throwing nets
 q - 3 boomerangs
Armour
 a - a +0 robe (worn)
 i - a +0 cloak (worn)
 p - a +0 helmet (worn)
 w - a +0 pair of gloves
Jewellery
 j - a +6 ring of strength (left hand)
 x - an amulet of guardian spirit
Wands
 v - a wand of iceblast (11)
Scrolls
 c - a scroll of teleportation
Potions
 d - 2 potions of degeneration {unknown}
 e - 2 potions of cancellation
 g - 2 potions of resistance
 h - a potion of flight
 k - 2 potions of attraction
 l - a potion of haste
 m - a potion of brilliance
 o - 2 potions of might {unknown}


   Skills:
 * Level 3.4 Fighting
 + Level 2.0 Short Blades
 + Level 4.4 Dodging
 - Level 3.3 Stealth
 + Level 8.0 Spellcasting
 + Level 5.3 Conjurations
 + Level 7.8 Fire Magic
 + Level 4.0 Earth Magic


You had 14 spell levels left.
You knew the following spells:

 Your Spells              Type           Power      Damage    Failure   Level
a - Foxfire               Conj/Fire      100%       2x1d9     1%          1
b - Scorch                Fire           100%       2d10      1%          2
c - Stone Arrow           Conj/Erth      100%       3d13      2%          3
d - Flame Wave            Conj/Fire      59%        2d11      4%          4

Your spell library contained the following spells:

 Spells                   Type           Power      Damage    Failure   Level
 Sandblast                Erth           90%        2d19      1%          1
 Conjure Flame            Conj/Fire      59%        6-21      1%          3
 Inner Flame              Hex/Fire       44%        N/A       3%          3
 Passwall                 Tmut/Erth      25%        N/A       4%          2
 Apportation              Tloc           30%        N/A       6%          1
 Freeze                   Ice            60%        1d8       6%          1
 Frozen Ramparts          Ice            30%        1d5       19%         3
 Summon Guardian Golem    Hex/Summ       15%        N/A       19%         3
 Hailstorm                Conj/Ice       35%        3d9       21%         4
 Animate Dead             Necr           7%         N/A       52%         4
 Summon Ice Beast         Ice/Summ       15%        N/A       52%         4
 Borgnjor's Vile Clutch   Necr/Erth      15%        N/A       58%         5
 Alistair's Intoxication  Tmut/Pois      10%        N/A       86%         5
 Summon Mana Viper        Hex/Summ       15%        N/A       86%         5
 Orb of Destruction       Conj           26%        9d9       99%         7
 Death Channel            Necr           7%         N/A       100%        6
 Monstrous Menagerie      Summ           7%         N/A       100%        7
 Spellforged Servitor     Conj/Summ      17%        N/A       100%        7


Dungeon Overview and Level Annotations

Branches:
Dungeon (8/15)             Temple (1/1) D:6
   Lair: D:8-11

Altars:
Ashenzari
Cheibriados
Dithmenos
Elyvilon
Fedhas
Gozag
Hepliaklqana
Kikubaaqudgha
Makhleb
Nemelex Xobeh
Okawaru
Qazlal
Ru
Sif Muna
Trog
Uskayaw
Vehumet
Wu Jian
Yredelemnul
Zin
The Shining One

Shops:
D:5 *?![=

Annotations:
D:5 1 runed translucent door, Crazy Yiuf
D:6 1 runed translucent door, slughead422's ghost, novice MiFi


Message History

The wight barely misses your yak. The yak gores your yak.
The gnoll shaman hits your yak with a +0 whip.
Your yak dies!
Your yak's corpse dissolves into shadows!
The vampire mosquito bites you.
The vampire mosquito draws strength from your injuries!
The wyvern completely misses you.
The vampire mosquito is attracted toward you.
The wight is attracted toward you.
It was a potion of haste.
You feel yourself speed up.
The vampire mosquito closely misses you.
Your yak completely misses the yak.
The wight hits your yak with a +4 falchion!
The wight drains your yak. The yak gores your yak.
The yak barely misses your yak. The wyvern bites you!
* * * LOW HITPOINT WARNING * * *
The yak closely misses your yak.
Are you sure you want to stumble around while confused and next to your yak?
Okay, then.
It was a potion of brilliance.
You feel clever all of a sudden. The wyvern bites you.
* * * LOW HITPOINT WARNING * * *
Your yak gores the wight!
The wight is destroyed!
Vehumet accepts your kill. The yak barely misses your yak.
The yak gores your yak!
Your yak dies!
Your yak's corpse dissolves into shadows!
The vampire mosquito barely misses you.
The vampire mosquito is attracted toward you.
The yak is attracted toward you. The bullfrog is attracted toward you.
You closely miss the yak.
The yak is lightly wounded.
The vampire mosquito bites you.
* * * LOW HITPOINT WARNING * * *
The vampire mosquito draws strength from your injuries!
The wyvern bites you but does no damage.
The vampire mosquito bites you!
You die...

... #########...
#...........
#...§.....#
#.§zz.....#
#§gFYY§...#####
#)gyYy.........
##.zy@..........
#...l...........
#...............
#.....).........
#.#########.....
#. .... # .


You could see 3 yaks, a wyvern, 3 vampire mosquitoes, a bullfrog, a gnoll
shaman, 3 wights and a gnoll.

Vanquished Creatures
  4 water moccasins
  A sky beast (D:6)
  4 black bears
  An ogre (D:7)
  A centaur (D:7)
  2 phantoms
  A bullfrog (D:7)
  A scorpion (D:6)
  A wyvern skeleton (D:7)
  4 wights (D:7)
  A howler monkey (D:6)
  A centaur skeleton (D:5)
  A jelly (D:7)
  2 orc priests
  A gnoll shaman (D:7)
  6 iguanas
  Terence (D:2)
  An orc wizard (D:6)
  A scorpion zombie (D:5)
  A hound zombie (D:5)
  A howler monkey zombie (D:7)
  11 gnolls
  A howler monkey skeleton (D:5)
  10 adders
  A shadow imp (D:7)
  2 white imps
  3 ufetubi
  2 adder skeletons (D:4)
  A worm (D:3)
  5 dart slugs
  10 orcs
  3 bats
  7 endoplasms
  A giant cockroach (D:1)
  10 goblins
  10 hobgoblins
  4 jackals
  5 kobolds
  7 quokkas
  3 ball pythons
  3 frilled lizards
  5 rats
141 creatures vanquished.

Vanquished Creatures (collateral kills)
  A wight (D:8)
  A gnoll (D:8)
  An orc (D:4)
3 creatures vanquished.

Vanquished Creatures (others)
  217 foxfires
  2 withered plants (D:6)
219 creatures vanquished.

Grand Total: 363 creatures vanquished

Notes
Turn   | Place    | Note
-------+----------+-------------------------------------------
     0 | D:1      | hawla the Deep Elf Fire Elementalist began the quest for
                  | the Orb.
     0 | D:1      | Reached XP level 1. HP: 10/10 MP: 6/6
    13 | D:1      | You fall into a shaft and drop 1 floor!
    28 | D:2      | Reached XP level 2. HP: 4/15 MP: 0/8
    31 | D:2      | Learned a level 2 spell: Scorch
   420 | D:2      | Reached XP level 3. HP: 19/19 MP: 3/10
   485 | D:2      | Noticed Terence
  1110 | D:1      | Reached skill level 4 in Spellcasting
  1352 | D:1      | Found a faded altar of an unknown god.
  1556 | D:1      | Reached XP level 4. HP: 11/24 MP: 10/12
  2544 | D:2      | Killed Terence
  2545 | D:2      | Reached XP level 5. HP: 24/28 MP: 3/13
  2928 | D:2      | Learned a level 3 spell: Stone Arrow
  3282 | D:3      | Noticed a water moccasin
  3289 | D:3      | Killed a water moccasin
  3290 | D:3      | Reached skill level 1 in Short Blades
  3290 | D:3      | Reached skill level 5 in Fire Magic
  3290 | D:3      | Reached skill level 1 in Earth Magic
  3770 | D:3      | Reached XP level 6. HP: 28/33 MP: 7/14
  4837 | D:4      | Reached XP level 7. HP: 28/37 MP: 11/15
  5308 | D:4      | Reached skill level 1 in Fighting
  5432 | D:5      | Entered Level 5 of the Dungeon
  5486 | D:5      | Reached skill level 5 in Spellcasting
  5572 | D:5      | Found Suqy's Armour Boutique.
  5573 | D:5      | Found Tesaugg's Magic Scroll Shoppe.
  5700 | D:5      | Found Agrone's Distillery.
  5801 | D:5      | Found Marhyur's Jewellery Boutique.
  6025 | D:5      | Found a runed translucent door.
  6026 | D:5      | Noticed Crazy Yiuf
  6333 | D:5      | Found Codwad's Assorted Antiques.
  6804 | D:6      | Reached XP level 8. HP: 22/44 MP: 9/18
  6805 | D:6      | Reached skill level 6 in Spellcasting
  6810 | D:6      | Learned a level 4 spell: Flame Wave
  7346 | D:6      | Found a runed translucent door.
  7347 | D:6      | Noticed slughead422's ghost (novice MiFi)
  7848 | D:6      | Found a staircase to the Ecumenical Temple.
  7979 | Temple   | Entered the Ecumenical Temple
  8338 | Temple   | Became a worshipper of Vehumet
  8577 | D:7      | Reached skill level 7 in Spellcasting
  8788 | D:7      | Reached skill level 5 in Conjurations
  9185 | D:7      | Reached XP level 9. HP: 50/50 MP: 17/22
  9754 | D:7      | Reached skill level 8 in Spellcasting
  9862 | D:8      | Slain by a vampire mosquito

Illustrated notes

Levels and vault maps discovered:
D:1:      lightli_arrival_boilingwater, layout_loops_ring,
          hellmonk_ecumenical_altar_crossroads
D:2:      layout_loops_cross, st_stairs_3, minmay_tetromino_i2, uniq_terence
D:3:      layout_basic, kennysheep_boxes
D:4:      layout_gridville
D:5:      layout_loops_corners, serial_shops, nicolae_shop_behind_doors, shop,
          nicolae_shop_statue_plus, nicolae_stop_n_shop_2, shop,
          grunt_decor_clamped, amcnicky_mini_rare_corridor_liquid,
          uniq_crazy_yiuf_cottage
D:6:      layout_loops_ring, temple_green, gammafunk_ghost_grave, hex_large
D:7:      layout_gridville
D:8:      layout_basic, lair_entry_dummy
Temple:   mainiacjoe_temple_trianglar_array

Skill      XL: |  1  2  3  4  5  6  7  8  9 |
---------------+----------------------------+-----
Fire Magic     | 4 5 6 7 |  7.8
Spellcasting   | 4 5 7 8 |  8.0
Stealth        | 3 |  3.3
Dodging        | 3 4 |  4.4
Short Blades   | 1 2 |  2.0
Conjurations   | 2 3 4 5 |  5.3
Earth Magic    | 1 2 3 4 |  4.0
Fighting       | 1 3 |  3.4

Action                   |  1- 3 |  4- 6 |  7- 9 || total
-------------------------+-------+-------+-------++-------
Melee: Unarmed           |     1 |       |       ||     1
       Dagger            |    51 |    51 |    52 ||   154
 Cast: Foxfire           |    31 |    29 |    62 ||   122
       Scorch            |     6 |    25 |    27 ||    58
       Stone Arrow       |       |    13 |    25 ||    38
       Flame Wave        |       |       |     5 ||     5
  Use: Scroll            |       |     4 |    10 ||    14
       Potion            |       |     2 |     6 ||     8
 Stab: Sleeping          |     3 |     6 |       ||     9
       Distracted        |     1 |       |       ||     1
Armor: Robe              |    10 |    13 |    21 ||    44
Dodge: Dodged            |    35 |    48 |    73 ||   156
